 Dungeon Crawl Stone Soup version 0.30-a0-718-geaa24f58ff (webtiles) character file.

Game seed: 5310726004337495515

67 Absynth the Poker (level 3, -1/29 HPs)
             Began as a Demonspawn Berserker on Jan 26, 2023.
             Was a Follower of Trog.
             Killed from afar by an orc wizard (6 damage)
             ... with a puff of flame
             ... on level 3 of the Dungeon.
             The game lasted 00:04:56 (2021 turns).

Absynth the Poker (Demonspawn Berserker)            Turns: 2021, Time: 00:04:56

Health: -1/29      AC: 10    Str: 19    XL:     3   Next: 98%
Magic:  3/3        EV:  8    Int:  8    God:    Trog [*.....]
Gold:   129        SH:  4    Dex: 12    Spells: 2/2 levels left

rFire   . . .      SeeInvis .    a - +0 spear
rCold   . . .      Faith    .    (no shield)
rNeg    . . .      Spirit   .    s - +0 chain mail
rPois   .          Reflect  .    h - +2 hat
rElec   .          Harm     .    (no cloak)
rCorr   .          Rampage  .    (no gloves)
Will    .....                    (no boots) Stlth
                                 (no amulet)
HPRegen 0.24/turn                (no ring)
MPRegen 0.08/turn                (no ring)

@: no status effects
A: large bone plates 1
a: Renounce Religion, Berserk


You were on level 3 of the Dungeon.
You worshipped Trog.
Trog was aware of your devotion.
You visited 1 branch of the dungeon, and saw 3 of its levels.

You collected 129 gold pieces.

Inventory:

Hand Weapons
 a - a +0 spear (weapon)
Missiles
 j - 8 poisoned darts (quivered)
Armour
 h - a +2 hat (worn)
 s - a +0 chain mail (worn)
Scrolls
 b - a scroll of teleportation {unknown}
 c - 3 scrolls of identify {unknown}
 e - a scroll of noise {unknown}
 f - 2 scrolls of blinking {unknown}
 i - 2 scrolls of enchant weapon {unknown}
 p - a scroll of vulnerability {unknown}
 q - a scroll of poison {unknown}
 r - 2 scrolls of magic mapping {unknown}
Potions
 d - a potion of curing {unknown}
 k - 2 potions of haste {unknown}
 l - a potion of degeneration {unknown}
 m - a potion of attraction {unknown}
 n - 2 potions of flight {unknown}
 o - a potion of lignification {unknown}


   Skills:
 + Level 3.3 Fighting
 * Level 3.4 Polearms
 + Level 2.2 Armour
 + Level 2.3 Dodging
 + Level 0.7 Shields


You had 2 spell levels left.
You didn't know any spells.
Your spell library was empty.

Dungeon Overview and Level Annotations

Branches:
Dungeon (3/15)

Altars:
Hepliaklqana


Innate Abilities, Weirdness & Mutations

You are partially covered in large bone plates. (SH +4)


Message History

You puncture the orc!
The orc is almost dead.
You block the orc's attack.
You hit the orc.
You kill the orc!
Trog accepts your kill.
You reach to attack!
You barely miss the orc.
A quokka comes into view.
You reach to attack!
You hit the orc.
The orc is lightly wounded.
Something hits you but does no damage. Something you can't see is in the way.
You miss something. Something hits you but does no damage.
Something you can't see is in the way.
You closely miss something. Something hits you.
* * * LOW HITPOINT WARNING * * *
You closely miss something. Something hits you.
* * * LOW HITPOINT WARNING * * *
You hit something but do no damage. Something hits you but does no damage.
You miss something. Something hits you but does no damage.
You hit something.
You hear some strange, mumbled words.
A puff of flame appears from out of thin air!
The puff of flame hits you but does no damage.
You hit something.
You hear some strange, mumbled words.
A puff of flame appears from out of thin air!
The puff of flame hits you!
* * * LOW HITPOINT WARNING * * *
You puncture something!
An orc wizard appears from thin air!
Reactivating autopickup.
The orc wizard hits you but does no damage.
You closely miss the orc wizard.
The orc wizard is severely wounded.
You block the orc wizard's attack.
You miss the orc wizard.
The orc wizard is severely wounded.
The orc wizard gestures at you while chanting.
The puff of flame hits you.
You die...

##### ########
#...######
#.......
#........#
#.######
#...#.##.###.#
##@##........#
####
#o#####.#####
#... #oo# #.#
#.## #r... ..#
##.###### .#
.# .# ## .# #.


You could see an orc wizard, 2 orcs and a quokka.

Vanquished Creatures
  2 adders (D:3)
  A dart slug (D:1)
  2 orcs (D:3)
  3 bats
  5 endoplasms
  3 goblins
  A hobgoblin (D:3)
  4 jackals (D:3)
  6 quokkas
  9 ball pythons
  A frilled lizard (D:1)
  3 rats
40 creatures vanquished.

Notes
Turn   | Place    | Note
-------+----------+-------------------------------------------
     0 | D:1      | Absynth the Demonspawn Berserker began the quest for the
                  | Orb.
     0 | D:1      | Reached XP level 1. HP: 18/18 MP: 1/1
     6 | D:1      | You fall into a shaft and drop 1 floor!
   339 | D:1      | Gained mutation: You are partially covered in large bone
                  | plates. (SH +4) [demonic ancestry]
   339 | D:1      | Reached XP level 2. HP: 22/24 MP: 2/2
   420 | D:1      | Found a faded altar of an unknown god.
  1563 | D:3      | Reached XP level 3. HP: 29/29 MP: 3/3
  1731 | D:3      | Found a hazy altar of Hepliaklqana.
  2021 | D:3      | Killed from afar by an orc wizard

Illustrated notes

Levels and vault maps discovered:
D:1:      dpeg_arrival_long_road, layout_basic,
          shapermc_ecumenical_altar_mp_vishouse, minmay_stone_trees_small,
          nicolae_eternal_life
D:2:      layout_loops_ring
D:3:      layout_loops_cross, nzn_hepliaklqana_mist_gate, due_unseen_surprise

Skill      XL: |  1  2 |
---------------+-------+-----
Polearms       | 3 |  3.4
Armour         | 2 |  2.2
Dodging        | 2 |  2.3
Fighting       | |  3.3
Shields        | |  0.7

Action                     || total
---------------------------++-------
  Melee: Spear             ||   164
         Punch             ||     4
 Armour: Animal skin       ||     1
         Ring mail         ||    32
         Chain mail        ||     7
  Dodge: Dodged            ||    58
  Block: Other             ||    25

Table legend: (Time is in decaauts)
 A = Elapsed time spent in this place.
 B = Non-inter-level travel time spent in this place.
 C = Inter-level travel time spent in this place.
 D = Time resting spent in this place.
 E = Time spent auto-exploring this place.
 F = Levels seen in this place.
 G = Mean time per level.
                   A        B        C        D        E       F      G
               +--------+--------+--------+--------+--------+-----+--------+
         Total |   2011 |   1966 |     45 |     27 |   1535 |   3 |  670.3 |
       Dungeon |   2011 |   1966 |     45 |     27 |   1535 |   3 |  670.3 |
               +--------+--------+--------+--------+--------+-----+--------+

Top non-repeatable levels by time:
     D:2: 796 daAuts
     D:1: 752 daAuts
     D:3: 462 daAuts
